 Dungeon Sprint DCSS version 0.20.1-1-g8b1a95d (console) character file.

138 bli the Fighter (level 7, -10/51 HPs)
             Began as a Gargoyle Fighter on Sept 4, 2017.
             Was a Priest of Ru.
             Impaled on a porcupine's spines (12 damage)
             ... in the Dungeon (Sprint VI: "Thunderdome").
             The game lasted 00:11:11 (465 turns).

bli the Fighter (Gargoyle Fighter)                   Turns: 465, Time: 00:11:11

Health: -10/51     AC: 10    Str: 27    XL:     7   Next: 86%
Magic:  7/7        EV: 10    Int:  8    God:    Ru [***...]
Gold:   108        SH: 12    Dex: 16    Spells: 6/6 levels left

rFire    + + .     SeeInvis .   a - +0 flail
rCold    x . .     Gourm    .   c - +0 shield
rNeg     + + .     Faith    +   b - +0 scale mail
rPois    ∞         Spirit   .   (no helmet)
rElec    +         Reflect  .   (no cloak)
rCorr    .         Harm     .   (no gloves)
MR       +....     NoTele   +   (no boots)
Stlth    +.........             t - amulet "Qiywuw" {Faith rF+ rC- Str+7 Stlth+}
Regen    0.2/turn               q - ring "Reduoh" {+Fly rF+ rN+ AC-3} (curse)
MPRegen  0.1/turn               s - ring "Ypip" {rPois MR+ Dex+5}

@: no status effects
A: negative energy resistance 1, electricity resistance, unbreathing,
petrification resistance, rot immunity, inability to use devices, hated by all,
AC +4
a: Draw Out Power, Renounce Religion


You were in the Dungeon.
You worshipped Ru.
Ru was most pleased with you.
You were not hungry.

You visited 1 branch You collected 400 gold pieces.
You spent 292 gold pieces at shops.

Inventory:

Hand Weapons
 a - a +0 flail (weapon)
Armour
 b - a +0 scale mail (worn)
 c - a +0 shield (worn)
Jewellery
 g - a +2 amulet of reflection
 q - the cursed ring "Reduoh" (left hand) {+Fly rF+ rN+ AC-3}
   (You bought it in a shop in the Dungeon)

   [ring of protection]

   It affects your AC (-3).
   It protects you from fire.
   It protects you from negative energy.
   It lets you fly.
   It has a curse placed upon it.
 r - the ring of Muzxur {Ice Int+4}
   (You bought it in a shop in the Dungeon)

   [ring of ice]

   It enhances your ice magic.
   It affects your intelligence (+4).
   It makes you vulnerable to fire.
   It protects you from cold.
 s - the ring "Ypip" (right hand) {rPois MR+ Dex+5}
   (You bought it in a shop in the Dungeon)

   [ring of protection from magic]

   It affects your dexterity (+5).
   It protects you from poison.
   It affects your resistance to hostile enchantments.
 t - the amulet "Qiywuw" (around neck) {Faith rF+ rC- Str+7 Stlth+}
   (You bought it in a shop in the Dungeon)

   [amulet of faith]

   It allows you to gain divine favour quickly.
   It affects your strength (+7).
   It protects you from fire.
   It makes you vulnerable to cold.
   It makes you more stealthy.
Wands
 m - a wand of acid (5/15)
 n - a wand of iceblast (5/15)
Scrolls
 k - 4 scrolls of blinking
 p - 3 scrolls of fog
Potions
 d - a potion of might
 e - a potion of curing
 h - 4 potions of haste
 i - 2 potions of magic
 j - a potion of berserk rage
 l - a potion of resistance
 o - 3 potions of heal wounds
Comestibles
 f - a bread ration


   Skills:
 + Level 9.6 Fighting
 + Level 9.0 Maces & Flails
 + Level 9.3 Armour
 + Level 2.5 Dodging
 + Level 0.2 Stealth
 + Level 9.3 Shields


You had 6 spell levels left.
You didn't know any spells.

Dungeon Overview and Level Annotations

Branches:
Dungeon (1/1)

Altars:
Cheibriados
Dithmenos
Fedhas
Gozag
Kikubaaqudgha
Makhleb
Okawaru
Qazlal
Ru
Sif Muna
Trog
Uskayaw
Vehumet
Xom
Yredelemnul
Zin
The Shining One
Beogh
Jiyva
Lugonu

Shops:
D *[%??*?*:[((!!!!


Innate Abilities, Weirdness & Mutations

You are resistant to torment.
Your stone body is resilient. (AC +4)
You are immune to poison.
You resist negative energy. (rN+)
You are resistant to electric shocks. (rElec)
You can survive without breathing.
You are immune to petrification.
You are immune to rotting.
You cannot study or use magical devices.
You are hated by all.


Message History

The hell rat roars deafeningly!
You block the porcupine's attack. You block the porcupine's attack.
You are struck by the porcupine's spines.
You hit the porcupine but do no damage. You block the porcupine's attack.
You closely miss the porcupine. The porcupine bites you!
You focus your will and blind the porcupine in retribution!
You are struck by the porcupine's spines.
* * * LOW HITPOINT WARNING * * *
You hit the porcupine.
The porcupine is lightly wounded.
The porcupine barely misses you. You block the hell rat's attack.
You barely miss the hell rat. The porcupine bites you.
* * * LOW HITPOINT WARNING * * *
The hell rat twitches its whiskers.
The hell rat barely misses you. The porcupine closely misses you.
The porcupine twitches its whiskers.
You are struck by the porcupine's spines.
You die...

#⌠...........⌠#
####.8.........8.######
___......###......___∩##
.......8.# #.8..÷.....∩###
.........###.............##
.[....###...###..........⌠#
.)....# #.<.# #..........⌠#
......###...###..........⌠#
.........###†............##
.......8.# #.8........∩###
___......###..rr@..__∩##
####.8.........8.######
#⌠...........⌠#
###...%.....### #_......[_#
#_......._# #_......._#
#∩.......∩# ##∩.....∩##
##.....## ##⌠⌠⌠##


You could see a hell rat and a porcupine (blind).

Vanquished Creatures
  A bog body (D)
  A yak (D)
  An insubstantial wisp (D)
  A water moccasin (D)
  2 swamp drakes (D)
  A bullfrog (D)
  3 adders (D)
  A river rat (D)
  6 orcs (D)
  A ball python (D)
18 creatures vanquished.

Vanquished Creatures (others)
  A bullfrog (D)
1 creature vanquished.

Grand Total: 19 creatures vanquished

Notes
Turn   | Place    | Note
-------+----------+-------------------------------------------
     0 | D        | bli the Gargoyle Fighter began the quest for the Orb.
     0 | D        | Reached XP level 1. HP: 14/14 MP: 1/1
     0 | D        | Found a glowing silver altar of Zin.
     1 | D        | Found an ancient bone altar of Kikubaaqudgha.
     1 | D        | Found a viscous altar of Jiyva.
     2 | D        | Found a blossoming altar of Fedhas.
     2 | D        | Found an iron altar of Okawaru.
     3 | D        | Found a deep blue altar of Sif Muna.
     3 | D        | Found a bloodstained altar of Trog.
     3 | D        | Found Panajuz's Weapon Rack.
     3 | D        | Found Fuheutt's Premium Goods.
     4 | D        | Found Vof Baun's Basic Armour.
     4 | D        | Found Adetan's Miscellaneous Merchandise.
     5 | D        | Round 1.
     8 | D        | Found a shimmering altar of Xom.
     9 | D        | Found Metiotzu's Do-It-Yourself Clinic.
    10 | D        | Found Lutinle's Bottled Wisdom.
    10 | D        | Found Worgh's Distillery.
    16 | D        | Found Pyfas's Distillery.
    16 | D        | Found an opulent altar of Gozag.
    16 | D        | Found a corrupted altar of Lugonu.
    16 | D        | Found a sacrificial altar of Ru.
    19 | D        | Reached XP level 2. HP: 18/20 MP: 2/2
    28 | D        | Noticed a water moccasin
    29 | D        | Became a worshipper of Ru the Awakened
    31 | D        | Found a radiant altar of Vehumet.
    36 | D        | HP: 1/20 [water moccasin (3)]
    39 | D        | Killed a water moccasin
    39 | D        | Reached XP level 3. HP: 22/27 MP: 3/3
    39 | D        | Reached XP level 4. HP: 26/32 MP: 4/4
    47 | D        | Reached XP level 5. HP: 24/36 MP: 5/5
    52 | D        | Arena points: 12 (+12) [x2]
    56 | D        | Found a roughly hewn altar of Beogh.
    69 | D        | Round 2.
    99 | D        | Gained mutation: You are hated by all. [Ru sacrifice]
    99 | D        | Reached * piety under Ru
   106 | D        | Found a stormy altar of Qazlal.
   108 | D        | Found a glowing golden altar of the Shining One.
   108 | D        | Found a snail-covered altar of Cheibriados.
   108 | D        | Found Zusk's Identification Station.
   108 | D        | Found Dihek's Advanced Armour.
   109 | D        | Found Ziulum's Jewellery.
   114 | D        | Found Avosusef's Bee Food.
   114 | D        | Found a burning altar of Makhleb.
   114 | D        | Found a shadowy altar of Dithmenos.
   114 | D        | Found a basalt altar of Yredelemnul.
   145 | D        | Arena points: 54 (+42) [x3]
   158 | D        | Found a hide-covered altar of Uskayaw.
   160 | D        | Found Xammininuf's Magic Scroll Shop.
   160 | D        | Found Reshra Qiecs's Magic Scroll Shop.
   161 | D        | Found Yrasa's Must-Have Magic.
   162 | D        | Found Uwuyzas's Staff Store.
   200 | D        | Bought an ancient golden ring for 45 gold pieces
   200 | D        | Bought a transparent steel ring for 45 gold pieces
   200 | D        | Identified the cursed ring "Reduoh" {+Fly rF+ rN+ AC-3} (You bought it in a shop in the Dungeon)
   201 | D        | Identified the ring of Muzxur {Ice Int+4} (You bought it in a shop in the Dungeon)
   204 | D        | Bought a sparkling silver ring for 45 gold pieces
   204 | D        | Bought a crude copper amulet for 45 gold pieces
   205 | D        | Identified the amulet "Qiywuw" {Faith rF+ rC- Str+7 Stlth+} (You bought it in a shop in the Dungeon)
   207 | D        | Identified the ring "Ypip" {rPois MR+ Dex+5} (You bought it in a shop in the Dungeon)
   217 | D        | Round 3.
   237 | D        | Noticed an insubstantial wisp
   248 | D        | Killed an insubstantial wisp
   248 | D        | Reached skill level 5 in Maces & Flails
   248 | D        | Reached skill level 1 in Dodging
   248 | D        | Reached XP level 6. HP: 40/44 MP: 6/6
   303 | D        | Noticed a bog body
   316 | D        | Killed a bog body
   316 | D        | Reached XP level 7. HP: 17/50 MP: 7/7
   371 | D        | Arena points: 138 (+84) [x4]
   373 | D        | Gained mutation: You cannot study or use magical devices. [Ru sacrifice]
   373 | D        | Reached ** piety under Ru
   373 | D        | Reached *** piety under Ru
   388 | D        | Bought a +2 amulet of reflection for 112 gold pieces
   416 | D        | Round 4.
   432 | D        | Noticed a yak
   436 | D        | Killed a yak
   462 | D        | HP: 2/51 [porcupine (2)]
   465 | D        | Impaled on a porcupine's spines

Skill      XL: |  1  2  3  4  5  6  7 |
---------------+----------------------+-----
Fighting       | 4 6 7 8 9 |  9.6
Armour         | 4 7 8 9 |  9.3
Shields        | 4 6 7 8 9 |  9.3
Maces & Flails | 3 5 7 9 |  9.0
Dodging        | 1 2 |  2.5
Stealth        | |  0.2

Action                   |  1- 3 |  4- 6 |  7- 9 || total
-------------------------+-------+-------+-------++-------
Melee: Flail             |     9 |    48 |    31 ||    88
Invok: Sacrifice Love    |       |     1 |       ||     1
       Sacrifice Artific |       |       |     1 ||     1
  Use: Potion            |     1 |       |       ||     1
Armor: Scale mail        |     5 |    21 |     2 ||    28
Dodge: Dodged            |     5 |    18 |    10 ||    33
Block: Shield            |     8 |    30 |    15 ||    53
